 Dungeon Crawl Stone Soup version 0.25-a0-700-g7f8a7979f0 (webtiles) character file.

Game seed: 8113331941008368626, levelgen mode: deterministic

20099 Ashen the Zephyrmancer (level 12, -8/75 HPs)
             Began as a Tengu Air Elementalist on Apr 1, 2020.
             Was a Priest of Vehumet.
             Hit by a javelin thrown by a minotaur (16 damage)
             ... in a Gauntlet on Apr 2, 2020.
             The game lasted 00:53:02 (15043 turns).

Ashen the Zephyrmancer (Tengu Air Elementalist)    Turns: 15043, Time: 00:53:02

Health: -8/75      AC:  6    Str: 10    XL:     12   Next: 75%
Magic:  5/25       EV: 19    Int: 20    God:    Vehumet [***...]
Gold:   458        SH:  0    Dex: 14    Spells: 4/27 levels left

rFire    . . .     SeeInvis .   l - +2 dagger (protect)
rCold    . . .     Gourm    .   (no shield)
rNeg     . . .     Faith    .   a - +0 robe
rPois    .         Spirit   .   (helmet restricted)
rElec    .         Reflect  .   E - +1 cloak
rCorr    .         Harm     .   e - +1 pair of gloves
MR       .....     NoTele   +   (boots unavailable)
Stlth    +++.......             (no amulet)
HPRegen  0.22/turn              (no ring)
MPRegen  0.19/turn              A - -2 ring of evasion (curse)

@: flying quickly and evasively, drained, quick
A: beak, talons 3, able to fly
a: Stop Flying, Renounce Religion


You were in a Gauntlet.
You worshipped Vehumet.
Vehumet was most pleased with you.
You were not hungry.

You visited 3 branches of the dungeon, and saw 14 of its levels.
You also visited: Gauntlet.

You collected 650 gold pieces.
You spent 192 gold pieces at shops.

Inventory:

Hand Weapons
 l - a +2 dagger of protection (weapon)
Armour
 a - a +0 robe (worn)
 e - a +1 pair of gloves (worn)
 q - a +3 leather armour
 E - a +1 cloak (worn)
 G - the +0 cloak of the Circus Animal {*Slow rC+ MR++ Str+4}
   (You found it in a Gauntlet)

   It affects your strength (+4).
   It protects you from cold.
   It affects your resistance to hostile enchantments.
   It may slow you when you take damage.
Jewellery
 w - a +3 ring of dexterity
 z - a +2 ring of strength
 A - a cursed -2 ring of evasion (right hand)
 H - the ring of Doubt {rN+ Dex+2 Slay+3, unknown}
   (You found it in a Gauntlet)

   [ring of slaying]

   It affects your dexterity (+2).
   It affects your accuracy and damage with ranged weapons and melee attacks
   (+3).
   It protects you from negative energy.
Wands
 s - a wand of enslavement (4)
 D - a wand of polymorph (26)
 F - a wand of disintegration (20)
Scrolls
 d - 4 scrolls of amnesia
 j - 5 scrolls of remove curse
 m - 2 scrolls of enchant weapon
 o - 4 scrolls of enchant armour
 v - a scroll of identify
 x - 3 scrolls of magic mapping
 y - 2 scrolls of teleportation
 C - a scroll of immolation
Potions
 b - a potion of ambrosia
 f - 3 potions of curing
 g - 2 potions of degeneration
 i - 2 potions of might
 k - a potion of resistance
 n - 3 potions of brilliance
 p - 5 potions of flight
 t - a potion of cancellation
 u - a potion of stabbing
 B - a potion of lignification
Comestibles
 c - 16 rations


   Skills:
 + Level 8.8(7.7) Fighting
 + Level 9.9(8.8) Dodging
 - Level 5.2(4.2) Stealth
 + Level 8.3(7.3) Spellcasting
 + Level 11.4(10.3) Conjurations
 + Level 11.9(10.7) Air Magic


You had 4 spell levels left.
You knew the following spells:

 Your Spells              Type           Power        Failure   Level  Hunger
a - Shock                 Conj/Air       ####         1%          1    None
b - Swiftness             Chrm/Air       ####....     1%          2    None
c - Static Discharge      Conj/Air       #####...     1%          3    #......
d - Airstrike             Air            ######....   1%          4    ###....
e - Searing Ray           Conj           #####.       1%          2    None
f - Lightning Bolt        Conj/Air       #####.....   1%          5    #####..
g - Frozen Ramparts       Ice            #.....       8%          3    #......
h - Ignite Poison         Fire/Tmut/Pois #.......     8%          3    #......

Your spell library contained the following spells:

 Spells                   Type           Power        Failure   Level  Hunger
 Freeze                   Ice            #...         2%          1    None
 Hailstorm                Conj/Ice       ####....     3%          4    ###....
 Ozocubu's Armour         Chrm/Ice       #.......     28%         3    #......
 Summon Ice Beast         Ice/Summ       #.......     67%         4    ###....


Dungeon Overview and Level Annotations

Branches:
Dungeon (10/15)            Temple (1/1) D:6            Lair (3/6) D:10
    Orc (0/2) D:9         Gauntlet (1/1)
  Swamp: Lair:2-4    Shoals: Lair:2-4     Snake: Lair:2-4    Spider: Lair:2-4

Altars:
Ashenzari
Cheibriados
Dithmenos
Elyvilon
Fedhas
Gozag
Hepliaklqana
Kikubaaqudgha
Makhleb
Nemelex Xobeh
Okawaru
Qazlal
Ru
Sif Muna
Trog
Uskayaw
Vehumet
Wu Jian
Xom
Yredelemnul
Zin
The Shining One

Shops:
D:4 %   D:7 !

Annotations:
D:3 Grinder
D:4 Natasha
D:6 Blork the orc, Dowan, Duvessa
Lair:2 Maggie Gauntlet 8 transporters, 2 runed translucent doors, exclusion: orange crystal statue


Innate Abilities, Weirdness & Mutations

You have a beak for a mouth.
You have claws for feet.
You can fly continuously.


Message History

The minotaur is lightly wounded.
The minotaur throws a javelin.
The javelin closely misses you.
Casting: Shock (safe; 1% risk of failure)
Confirm with . or Enter, or press ? or * to list all spells.
Aiming: Shock (safe; 1% risk of failure)
Press: ? - help, Shift-Dir - straight line, f/p - minotaur
Aim: a minotaur, wearing a +2 ring mail of poison resistance and quivering 9 javelins (lightly wounded)
The zap misses the minotaur.
The minotaur throws a javelin.
The javelin pierces through you!
The minotaur throws a javelin.
The javelin pierces through you.
The minotaur throws a javelin.
The javelin pierces through you!!
The minotaur throws a javelin.
The javelin completely misses you.
You start resting.
The minotaur is too close now for your liking.
You see here 4 javelins.
The minotaur throws a javelin.
The javelin pierces through you!!
* * * LOW HITPOINT WARNING * * *
There is an open door, spattered with blood here.
The minotaur throws a javelin.
The javelin pierces through you!
You die...

###...≈#
......##########
...8.####.##...#
.....§##..##.#.#
##...##...H..#.#
2#...#....##.#.#
$#...#.8©.##...# #+###
!#...#...H##.#(##.⌠..#
©#.8.#.8©....#('@...⌠+
[#...#....##.#(##∩...#
.#...#.8©.##...# ..⌠.#
^#...#....##.#.# ##+##
##..§##......#.#
.....§##.(##.#.#
...8.####.##...#
......##########
###...§#


You could see a minotaur.

Vanquished Creatures
  Harold (Lair:2)
  Pikel (D:5)
  An elephant (D:10)
  3 black mambas
  Joseph (D:9)
  A spiny frog (Lair:3)
  A rime drake (Lair:2)
  3 meliai (D:10)
  4 hippogriffs
  A hornet (D:10)
  A human (D:7)
  2 basilisks (D:10)
  A hungry ghost (D:10)
  2 yaks (D:7)
  2 hogs (D:7)
  2 water moccasins
  7 porcupines
  2 orc warriors
  3 slaves (D:5)
  2 sky beasts
  A black bear (D:10)
  A necrophage (D:9)
  A phantom (D:5)
  A hornet zombie (D:8)
  5 wolves
  4 ogres
  3 centaurs
  A crocodile (Lair:3)
  6 bullfrogs
  A wyvern zombie (D:8)
  2 scorpions
  A water moccasin skeleton (D:7)
  A killer bee (D:10)
  3 howler monkeys (D:9)
  5 jellies
  9 crimson imps
  A centaur zombie (D:3)
  A bullfrog skeleton (D:8)
  7 orc priests
  8 hounds
  3 iron imps (D:8)
  4 iguanas
  Natasha (twice) (D:4)
  13 orc wizards
  5 worker ants
  A killer bee zombie (D:5)
  A hound zombie (D:5)
  A hound skeleton (D:7)
  Robin (D:4)
  3 gnolls (D:6)
  11 adders
  2 shadow imps (D:5)
  2 oozes
  2 adder skeletons
  6 worms
  A dart slug (D:1)
  2 leopard geckos
  36 orcs
  2 ball pythons
  4 giant cockroaches
  12 goblins
  7 hobgoblins
  7 jackals
  4 quokkas
  A bat (D:2)
  3 frilled lizards
  A jackal skeleton (D:4)
  5 kobolds
  5 rats
250 creatures vanquished.

Vanquished Creatures (others)
  A plant (Lair:2)
1 creature vanquished.

Grand Total: 251 creatures vanquished

Notes
Turn   | Place    | Note
-------+----------+-------------------------------------------
     0 | D:1      | Ashen the Tengu Air Elementalist began the quest for the
                  | Orb.
     0 | D:1      | Reached XP level 1. HP: 10/10 MP: 4/4
   130 | D:1      | Reached XP level 2. HP: 16/16 MP: 1/6
   572 | D:2      | Reached XP level 3. HP: 15/20 MP: 1/7
   685 | D:2      | Reached skill level 1 in Fighting
   705 | D:2      | Learned a level 2 spell: Swiftness
   709 | D:2      | Learned a level 3 spell: Static Discharge
   998 | D:2      | Found a shadowy altar of Dithmenos,
  1002 | D:2      | Found a glowing silver altar of Zin,
  1402 | D:3      | Reached XP level 4. HP: 18/25 MP: 2/8
  1534 | D:3      | HP: 1/26 [orc priest (3)]
  1535 | D:3      | Gained mutation: You can fly continuously. [Tengu growth]
  1535 | D:3      | Reached XP level 5. HP: 1/30 MP: 4/10
  1956 | D:3      | Noticed Grinder
  2501 | D:3      | Reached skill level 5 in Air Magic
  2501 | D:3      | Reached XP level 6. HP: 35/35 MP: 6/11
  2756 | D:4      | Found a blossoming altar of Fedhas,
  2882 | D:4      | Found Luir's Food Emporium,
  3000 | D:4      | Noticed Robin
  3117 | D:4      | Killed Robin
  3442 | D:4      | Noticed Natasha
  3449 | D:4      | Learned a level 4 spell: Airstrike
  3456 | D:4      | Killed Natasha
  3495 | D:4      | Reached XP level 7. HP: 40/40 MP: 3/12
  3505 | D:4      | Noticed Natasha
  3541 | D:4      | Killed Natasha
  4230 | D:4      | Noticed Natasha
  4599 | D:5      | Entered Level 5 of the Dungeon
  4823 | D:5      | Reached XP level 8. HP: 46/46 MP: 1/14
  5338 | D:5      | Noticed Pikel
  5525 | D:5      | Reached skill level 5 in Conjurations
  5967 | D:5      | Found an ancient bone altar of Kikubaaqudgha,
  5971 | D:5      | Got a heavily runed ring mail
  5978 | D:5      | Identified the cursed +0 ring mail of a Gauntlet {-Tele
                  | Int+4 Dex+6} (You found it on level 5 of the Dungeon)
  6415 | D:5      | Found a shattered altar of Ashenzari,
  6509 | D:5      | Killed Pikel
  6509 | D:5      | Reached skill level 5 in Dodging
  6509 | D:5      | Reached skill level 5 in Stealth
  6509 | D:5      | Reached XP level 9. HP: 20/52 MP: 2/16
  6729 | D:6      | Found a staircase to the Ecumenical Temple,
  6733 | Temple   | Entered the Ecumenical Temple
  6783 | Temple   | Became a worshipper of Vehumet
  7093 | D:6      | Noticed Dowan
  7111 | D:6      | Noticed Blork the orc
  7744 | D:6      | Noticed Duvessa
  7921 | D:7      | Found Ophu Kemn's Distillery,
  7929 | D:7      | Bought a potion of curing for 48 gold pieces
  7929 | D:7      | Bought a potion of degeneration for 16 gold pieces
  7929 | D:7      | Bought a potion of cancellation for 128 gold pieces
  8275 | D:6      | Reached * piety under Vehumet
  8275 | D:6      | Offered knowledge of Magic Dart by Vehumet.
  8278 | D:6      | Reached skill level 5 in Spellcasting
  8647 | D:7      | Reached skill level 5 in Fighting
  8850 | D:7      | Found a white marble altar of Elyvilon,
  9186 | D:8      | Found a burning altar of Makhleb,
  9286 | D:8      | Reached XP level 10. HP: 60/60 MP: 7/19
 10108 | D:8      | Noticed a two-headed ogre
 10397 | D:9      | Noticed Joseph
 10405 | D:9      | Killed Joseph
 10502 | D:9      | Offered knowledge of Searing Ray by Vehumet.
 10505 | D:9      | Reached ** piety under Vehumet
 10512 | D:9      | Learned a level 2 spell: Searing Ray
 10529 | D:9      | Learned a level 5 spell: Lightning Bolt
 10661 | D:9      | Found a staircase to the Orcish Mines,
 11171 | D:9      | Found an opulent altar of Gozag,
 11386 | D:10     | Entered Level 10 of the Dungeon
 11552 | D:10     | Found a staircase to the Lair,
 11553 | D:10     | Noticed an elephant
 12103 | D:10     | Offered knowledge of Frozen Ramparts by Vehumet.
 12660 | D:10     | Killed an elephant
 12660 | D:10     | Reached skill level 10 in Air Magic
 12660 | D:10     | Reached XP level 11. HP: 23/67 MP: 0/22
 12953 | D:10     | Reached *** piety under Vehumet
 12962 | D:10     | Learned a level 3 spell: Frozen Ramparts
 13098 | Lair:1   | Entered Level 1 of the Lair of Beasts
 13731 | Lair:2   | Reached skill level 10 in Conjurations
 13781 | Lair:2   | Noticed Harold
 13793 | Lair:2   | Killed Harold
 14040 | Lair:2   | Noticed Maggie
 14268 | Lair:2   | Offered knowledge of Ignite Poison by Vehumet.
 14275 | Lair:2   | Learned a level 3 spell: Ignite Poison
 14473 | Lair:3   | Found a gate leading to a gauntlet,
 14477 | Gauntlet | Entered a Gauntlet
 14477 | Gauntlet | Found a transporter,
 14478 | Gauntlet | Upgraded the game from 0.25-a0-697-g890751e744 to
                  | 0.25-a0-700-g7f8a7979f0
 14538 | Gauntlet | Found a transporter.
 14538 | Gauntlet | Noticed a death yak
 14538 | Gauntlet | Noticed a death yak
 14540 | Gauntlet | Found a transporter.
 14540 | Gauntlet | Noticed a death yak
 14542 | Gauntlet | Found a transporter.
 14542 | Gauntlet | Noticed a death yak
 14543 | Gauntlet | Found a transporter.
 14543 | Gauntlet | Noticed a death yak
 14544 | Gauntlet | Found a transporter.
 14544 | Gauntlet | Noticed a death yak
 14545 | Gauntlet | Noticed a necromancer
 14548 | Gauntlet | Found a runed translucent door.
 14551 | Gauntlet | Noticed a death yak
 14552 | Gauntlet | Found a transporter.
 14552 | Gauntlet | Noticed a hell beast
 14552 | Gauntlet | Noticed a death yak
 14553 | Gauntlet | Noticed a reaper
 14554 | Gauntlet | Found a transporter.
 14556 | Gauntlet | Found a runed translucent door.
 14615 | Gauntlet | Noticed a death yak
 14619 | Gauntlet | Found a transporter.
 14624 | Gauntlet | Noticed an orange crystal statue
 14636 | Gauntlet | Found a transporter.
 14639 | Gauntlet | Found a transporter.
 14648 | Gauntlet | Noticed a ghost crab
 14649 | Gauntlet | Found a transporter.
 14706 | Gauntlet | Got a faintly humming cloak
 14717 | Gauntlet | Identified the +0 cloak of the Circus Animal {*Slow rC+
                  | MR++ Str+4} (You found it in a Gauntlet)
 14740 | Gauntlet | Got a serpentine turquoise ring
 14745 | Gauntlet | HP: 2/68 [spectral six-headed hydra[a ghost crab] (4)]
 14755 | Gauntlet | Noticed a minotaur
 14765 | Gauntlet | Reached XP level 12. HP: 24/75 MP: 23/25
 15043 | Gauntlet | Hit by a javelin thrown by a minotaur

Levels and vault maps discovered:
D:1:      dpeg_arrival_stonehenge_8_columns, layout_basic
D:2:      layout_basic, minitemple
D:3:      layout_loops_ring, uniq_grinder
D:4:      layout_layer_cave, fedhas_ov_isle_minmay, serial_shops,
          shop_fountains, uniq_natasha, uniq_robin
D:5:      layout_basic, kiku_gazebo_pond_becter, kennysheep_mini_moat,
          first_ration, kennysheep_another_room, minmay_fractal_squares_5,
          uniq_pikel
D:6:      layout_gridville, minmay_temple_entry_trees,
          cheibrodos_sewer_entry_drain, uniq_blork_the_orc, uniq_duvessa
D:7:      layout_rooms, serial_shops, shop, grunt_livestock,
          hangedman_abyss_or_decor_jellyfish_corner, minmay_misc_feat_tiny,
          elyvilon_altar_5
D:8:      layout_basic, demons_altar
D:9:      layout_loops_cross, kennysheep_little_box, orc_0_dummy, uniq_joseph
D:10:     kennysheep_six_static_rooms, layout_basic, david_lair_generic
Temple:   regret_index_temple_waves
Lair:1:   layout_big_grid, minivault_27, beast_lair_carwin_7
Lair:2:   layout_layer_cave, serial_bayou_lake_a, uniq_maggie, uniq_harold
Lair:3:   layout_long_grid, gauntlet_entry_generic, lemuel_fruit_tree
Gauntlet: minmay_gauntlet_mixed_oops_all_seconds
          [minmay_gauntlet_arena_77_terracotta_army, nicolae_gauntlet_swirl,
          minmay_gauntlet_arena_77_mess, gammafunk_gauntlet_arena_teeth,
          minmay_gauntlet_arena_77_shame_cube, gammafunk_gauntlet_arena_open,
          gauntlet_exit_hidden_loot]

Skill      XL: |  1  2  3  4  5  6  7  8  9 10 11 |
---------------+----------------------------------+-----
Conjurations   | 2 3 4 6 7 9 11 | 11.4
Fighting       | 1 2 3 4 5 7 8 |  8.8
Dodging        | 3 4 5 6 8 9 |  9.9
Stealth        | 3 4 5 |  5.2
Air Magic      | 5 6 7 8 10 11 | 11.9
Spellcasting   | 3 4 5 6 8 |  8.3

Action                   |  1- 3 |  4- 6 |  7- 9 | 10-12 || total
-------------------------+-------+-------+-------+-------++-------
Melee: Unarmed           |     2 |       |       |       ||     2
       Dagger            |     4 |    80 |   186 |   114 ||   384
       Kick              |     1 |    22 |    41 |    33 ||    97
       Peck              |       |    16 |    36 |    23 ||    75
 Cast: Shock             |    55 |    66 |   266 |   148 ||   535
       Static Discharge  |       |     2 |     6 |     8 ||    16
       Swiftness         |       |     2 |       |     1 ||     3
       Airstrike         |       |       |     3 |    85 ||    88
       Frozen Ramparts   |       |       |       |     1 ||     1
       Lightning Bolt    |       |       |       |     4 ||     4
 Abil: Fly               |       |     1 |       |       ||     1
  Use: Scroll            |       |       |    19 |     8 ||    27
       Potion            |       |       |       |     5 ||     5
 Stab: Sleeping          |     1 |     5 |     2 |     7 ||    15
  Eat: Chunk             |     2 |     7 |    13 |    11 ||    33
       Ration            |       |       |     1 |     6 ||     7
Armor: Robe              |       |    25 |    55 |    25 ||   105
       Leather armour    |       |       |       |    32 ||    32
Dodge: Dodged            |    12 |    66 |   259 |   242 ||   579

Table legend:
 A = Non-vault XP
 B = Vault XP
 C = Vault XP percentage of total XP
 D = Non-vault monster count
 E = Vault monster count
 F = Vault count percentage of total count
                 A         B        C        D         E       F
            +---------+---------+-------+---------+---------+-------
      Total |   10507 |    5669 |  35.0 |     197 |      50 |  20.2
            +---------+---------+-------+---------+---------+-------
        D:1 |      15 |       0 |   0.0 |       8 |       0 |   0.0
        D:2 |      57 |       0 |   0.0 |      14 |       0 |   0.0
        D:3 |     318 |       0 |   0.0 |      24 |       0 |   0.0
        D:4 |     413 |      73 |  15.0 |      25 |      14 |  35.9
        D:5 |     640 |     941 |  59.5 |      17 |       9 |  34.6
        D:6 |     536 |       7 |   1.3 |      22 |       2 |   8.3
        D:7 |     402 |     978 |  70.9 |      11 |       5 |  31.2
        D:8 |    1144 |     121 |   9.6 |      21 |       3 |  12.5
        D:9 |    1060 |     430 |  28.9 |      19 |       1 |   5.0
       D:10 |    1919 |    1438 |  42.8 |      17 |       9 |  34.6
     Lair:1 |    1056 |     694 |  39.7 |       5 |       6 |  54.5
     Lair:2 |    2346 |     987 |  29.6 |      11 |       1 |   8.3
     Lair:3 |     601 |       0 |   0.0 |       3 |       0 |   0.0
            +---------+---------+-------+---------+---------+-------
